 Dungeon Crawl Stone Soup version 0.25-a0-161-gb7fd73da8f (webtiles) character file.

Game seed: 5621761476446074206, levelgen mode: deterministic

37 Leeroy the Slasher (level 3, -1/29 HPs)
             Began as a Draconian Skald on Nov 21, 2019.
             Slain by a goblin
             ... wielding a cursed +0 club
             ... led by Robin
              (2 damage)
             ... on level 2 of the Dungeon.
             The game lasted 00:01:22 (587 turns).

Leeroy the Slasher (Draconian Skald)                 Turns: 587, Time: 00:01:23

Health: -1/29      AC:  5    Str: 13    XL:     3   Next: 21%
Magic:  6/6        EV: 12    Int: 13    God:
Gold:   47         SH:  0    Dex: 11    Spells: 5/6 levels left

rFire    . . .     SeeInvis .   d - +2 whip (flame)
rCold    . . .     Gourm    .   (no shield)
rNeg     . . .     Faith    .   (armour unavailable)
rPois    .         Spirit   .   (helmet restricted)
rElec    .         Reflect  .   (no cloak)
rCorr    .         Harm     .   (no gloves)
MR       .....                  (no boots)
Stlth    +.........             (no amulet)
HPRegen  0.09/turn              (no ring)
MPRegen  0.10/turn              (no ring)

@: no status effects
A: unfitting armour, cold-blooded, AC +5
a: no special abilities


You were on level 2 of the Dungeon.
You were not hungry.

You visited 1 branch of the dungeon, and saw 2 of its levels.

You collected 47 gold pieces.

Inventory:

Hand Weapons
 a - a +0 falchion
 d - a +2 whip of flaming (weapon)
Comestibles
 c - 3 rations


   Skills:
 - Level 2.1 Fighting
 - Level 3.5 Long Blades
 - Level 2.1 Dodging
 + Level 0.6 Stealth
 - Level 2.0 Spellcasting
 - Level 2.6 Charms


You had 5 spell levels left.
You knew the following spells:

 Your Spells              Type           Power        Failure   Level  Hunger
a - Infusion              Chrm           #...         9%          1    ##.....

Your spell library contained the following spells:

 Spells                   Type           Power        Failure   Level  Hunger
 Song of Slaying          Chrm           #.......     13%         2    ###....
 Shroud of Golubria       Chrm/Tloc      #.....       22%         2    ###....
 Regeneration             Chrm/Necr      #.........   41%         3    ####...
 Spectral Weapon          Hex/Chrm       #.......     41%         3    ####...


Dungeon Overview and Level Annotations

Branches:
Dungeon (1/15)

Altars:

Annotations:
D:2 Robin


Innate Abilities, Weirdness & Mutations

Your plain brown scales are hard. (AC +5)
You cannot fit into any form of body armour.
You are cold-blooded and may be slowed by cold attacks.


Message History

A goblin comes into view. It is wielding a +0 club.
The goblin hits you but does no damage.
The goblin hits you with a cursed +0 club.
* * * LOW HITPOINT WARNING * * *
The goblin hits you with a +0 dagger.
* * * LOW HITPOINT WARNING * * *
You barely miss the goblin.
The goblin is severely wounded.
The goblin hits you but does no damage.
Robin says, "Duck!"
Robin roars a battlecry!
The goblin goes into a battle-frenzy!
The goblin barely misses you. The goblin closely misses you.
The goblin hits you but does no damage.
You barely miss the goblin. You tail-slap the goblin.
You kill the goblin!
The goblin hits you with a +0 club.
* * * LOW HITPOINT WARNING * * *
The goblin hits you with a cursed +0 club.
You die...

#######...
#.....#..####
.#........(..#
.............#
##..........#
#......g..(.#
#.....lgg...#
.....ggggg####
##.#####g@).#
####.# .# #


You could see Robin, 3 hobgoblins, 5 goblins and a frilled lizard.

Vanquished Creatures
  3 dart slugs (D:1)
  A leopard gecko (D:1)
  A giant cockroach (D:1)
  4 hobgoblins (D:1)
  4 jackals (D:1)
  4 goblins
  6 kobolds (D:1)
  3 rats (D:1)
26 creatures vanquished.

Notes
Turn   | Place    | Note
-------+----------+-------------------------------------------
     0 | D:1      | Leeroy the Draconian Skald began the quest for the Orb.
     0 | D:1      | Reached XP level 1. HP: 17/17 MP: 3/3
    97 | D:1      | Reached XP level 2. HP: 21/24 MP: 5/5
   121 | D:1      | Reached skill level 3 in Long Blades
   347 | D:1      | Reached XP level 3. HP: 24/29 MP: 6/6
   569 | D:1      | You fall into a shaft and drop 1 floor!
   575 | D:2      | Noticed Robin
   587 | D:2      | HP: 1/29 [goblin/+0 club[Robin] (1)]
   587 | D:2      | Slain by a goblin

Levels and vault maps discovered:
D:1:      dpeg_arrival_subterranean_lakeside_camping, layout_basic
D:2:      layout_basic, first_ration, serial_bayou_pond_b,
          chequers_serial_rivers_marsh, uniq_robin

Skill      XL: |  1  2 |
---------------+-------+-----
Long Blades    | 3 |  3.5
Fighting       | |  2.1
Dodging        | |  2.1
Stealth        | |  0.6
Spellcasting   | |  2.0
Charms         | |  2.6

Action                   || total
-------------------------++-------
Melee: Falchion          ||    48
       Tailslap          ||     8
       Whip              ||    27
  Use: Potion            ||     2
       Scroll            ||     1
Armor: Skin              ||    24
Dodge: Dodged            ||    77
       Rpst.: Falchion   ||     6

Table legend:
 A = Non-vault XP
 B = Vault XP
 C = Vault XP percentage of total XP
 D = Non-vault monster count
 E = Vault monster count
 F = Vault count percentage of total count
                 A         B        C        D         E       F
            +---------+---------+-------+---------+---------+-------
      Total |      48 |       5 |   9.4 |      23 |       3 |  11.5
            +---------+---------+-------+---------+---------+-------
        D:1 |      48 |       1 |   2.0 |      23 |       1 |   4.2
        D:2 |       0 |       4 | 100.0 |       0 |       2 | 100.0
            +---------+---------+-------+---------+---------+-------
